 Dungeon Crawl Stone Soup version 0.25-a0-731-g0472a16 (webtiles) character file.

Game seed: 7822411107576306799, levelgen mode: deterministic

973 JarJarBinks the Shield-Bearer (level 8, 0/61 HPs)
             Began as a Formicid Fighter on Apr 8, 2020.
             Was an Initiate of Makhleb.
             Slain by Duvessa
             ... wielding a +0 rapier
              (13 damage)
             ... on level 5 of the Dungeon.
             The game lasted 00:18:30 (4155 turns).

JarJarBinks the Shield-Bearer (Formicid Fighter)    Turns: 4155, Time: 00:18:30

Health: 0/61       AC: 10    Str: 24    XL:     8   Next: 39%
Magic:  8/8        EV: 10    Int:  7    God:    Makhleb [......]
Gold:   220        SH: 11    Dex: 10    Spells: 7/7 levels left

rFire    . . .     SeeInvis +   u - +0 spear (venom)
rCold    . . .     Gourm    .   c - +0 kite shield
rNeg     . . .     Faith    .   b - +0 scale mail
rPois    .         Spirit   .   (helmet unavailable)
rElec    .         Reflect  .   (no cloak)
rCorr    .         Harm     .   e - +2 pair of gloves
MR       .....                  (no boots)
Stlth    ..........             (no amulet)
HPRegen  0.20/turn              (no ring)
MPRegen  0.11/turn              (no ring)

@: no status effects
A: permanent stasis, dig shafts and tunnels, four strong arms, antennae 3
a: Dig, Shaft Self, Renounce Religion


You were on level 5 of the Dungeon.
You worshipped Makhleb.
Makhleb was noncommittal.
You were not hungry.

You visited 2 branches of the dungeon, and saw 6 of its levels.

You collected 220 gold pieces.

Inventory:

Hand Weapons
 a - a +0 trident
 u - a +0 spear of venom (weapon)
 x - a +0 scythe
Armour
 b - a +0 scale mail (worn)
 c - a +0 kite shield (worn)
 e - a +2 pair of gloves (worn)
 w - a +0 leather armour
Jewellery
 y - an uncursed ring of poison resistance {unknown}
Wands
 z - a wand of random effects (10)
Scrolls
 h - 4 scrolls of identify
 j - a scroll of blinking
 l - a scroll of remove curse
 n - 2 scrolls of amnesia {unknown}
 s - a scroll of enchant weapon {unknown}
 A - a scroll of noise {unknown}
 B - a scroll of teleportation {unknown}
Potions
 d - 2 potions of might
 g - a potion of invisibility {unknown}
 i - a potion of stabbing {unknown}
 k - a potion of berserk rage {unknown}
 m - 2 potions of magic {unknown}
 o - 2 potions of lignification {unknown}
 p - 4 potions of curing
 q - 3 potions of flight {unknown}
 r - a potion of heal wounds {unknown}
 t - a potion of haste
 v - 2 potions of brilliance {unknown}
Comestibles
 f - 7 rations


   Skills:
 + Level 4.4 Fighting
 + Level 5.0 Polearms
 + Level 5.4 Armour
 + Level 2.6 Dodging
 + Level 1.5 Stealth
 + Level 7.0 Shields


You had 7 spell levels left.
You didn't know any spells.
Your spell library was empty.

Dungeon Overview and Level Annotations

Branches:
Dungeon (5/15)             Temple (1/1) D:4

Altars:
Ashenzari
Cheibriados
Dithmenos
Elyvilon
Gozag
Hepliaklqana
Kikubaaqudgha
Makhleb
Nemelex Xobeh
Okawaru
Qazlal
Ru
Sif Muna
Trog
Vehumet
Wu Jian
Xom
Zin

Annotations:
D:5 Blork the orc, Duvessa


Innate Abilities, Weirdness & Mutations

You cannot be hasted, slowed, berserked, paralysed or teleported.
You can dig through walls and to a lower floor.
Your four strong arms can wield two-handed weapons with a shield.
You have a pair of large antennae on your head. (SInv)


Message History

You barely miss Duvessa.
Duvessa is heavily wounded.
You block Duvessa's attack.
Blork the orc hits you with a +0 short sword.
You hit Duvessa.
Duvessa looks as sick as possible!
Duvessa is heavily wounded.
Duvessa barely misses you. You block Blork the orc's attack.
Duvessa hits you with a +0 rapier.
You barely miss Duvessa.
Duvessa is heavily wounded.
Blork the orc looks braver for a moment.
Duvessa hits you with a +0 rapier!
* * * LOW HITPOINT WARNING * * *
You block Duvessa's attack.
Blork the orc casts a spell.
Blork the orc flickers and vanishes for a moment.
Your shield and scale mail prevent you from hitting Duvessa.
Duvessa is heavily wounded.
Duvessa hits you with a +0 rapier!
You die...

...............##..≈≈≈≈..#
.........())..†##..≈≈....#
...............##..≈≈....#
...............##.≈≈.....#
..................≈≈≈≈...#
...................≈≈..≈..
............<.....≈≈≈.....
...............(..≈≈≈....#
##...........e@..≈≈....#
............o...#≈≈#...#
#...............#≈≈###.#
...............<##≈≈≈ #
.####.....)....# ##≈#
.............## ##
.#...........#
.............#
>............#


You could see Duvessa (berserk) and Blork the orc (invisible).

Vanquished Creatures
  Grinder (D:5)
  Sigmund (D:4)
  Menkaure (D:4)
  A sky beast (D:4)
  A phantom (D:5)
  A big kobold (D:5)
  Dowan (D:5)
  A crimson imp (D:5)
  Natasha (thrice) (D:4)
  3 adders
  A worm (D:3)
  A dart slug (D:2)
  5 leopard geckos
  An orc (D:5)
  5 bats
  3 giant cockroaches
  2 goblins (D:2)
  5 hobgoblins (D:1)
  8 jackals
  A quokka (D:2)
  2 frilled lizards
  6 kobolds
  2 quokka skeletons
  3 rats
59 creatures vanquished.

Notes
Turn   | Place    | Note
-------+----------+-------------------------------------------
     0 | D:1      | JarJarBinks the Formicid Fighter began the quest for the
                  | Orb.
     0 | D:1      | Reached XP level 1. HP: 18/18 MP: 1/1
   169 | D:1      | Reached XP level 2. HP: 24/24 MP: 2/2
   698 | D:2      | Reached XP level 3. HP: 29/29 MP: 3/3
   720 | D:2      | Reached skill level 4 in Shields
  1452 | D:3      | Reached XP level 4. HP: 30/35 MP: 4/4
  1548 | D:3      | Found an opulent altar of Gozag.
  2205 | D:4      | Noticed Natasha
  2223 | D:4      | Killed Natasha
  2280 | D:4      | Noticed Natasha
  2290 | D:4      | Killed Natasha
  2290 | D:4      | Reached skill level 1 in Dodging
  2290 | D:4      | Reached XP level 5. HP: 24/41 MP: 5/5
  2441 | D:4      | Found a staircase to the Ecumenical Temple.
  2452 | Temple   | Entered the Ecumenical Temple
  2707 | Temple   | Became a worshipper of Makhleb the Destroyer
  2767 | D:4      | Noticed a sky beast
  2770 | D:4      | Noticed Natasha
  2785 | D:4      | Killed a sky beast
  2785 | D:4      | Reached skill level 5 in Shields
  2785 | D:4      | Reached XP level 6. HP: 43/48 MP: 6/6
  2831 | D:4      | Killed Natasha
  3009 | D:4      | Noticed Sigmund
  3018 | D:4      | Killed Sigmund
  3018 | D:4      | Reached skill level 1 in Stealth
  3018 | D:4      | Reached XP level 7. HP: 53/53 MP: 7/7
  3152 | D:4      | Noticed Menkaure
  3167 | D:4      | HP: 1/53 [Menkaure (16)]
  3168 | D:4      | Killed Menkaure
  3652 | D:5      | Entered Level 5 of the Dungeon
  3653 | D:5      | Noticed Grinder
  3668 | D:5      | Killed Grinder
  3668 | D:5      | Reached skill level 5 in Armour
  3668 | D:5      | Reached skill level 6 in Shields
  3668 | D:5      | Reached XP level 8. HP: 52/60 MP: 8/8
  4065 | D:5      | Reached skill level 7 in Shields
  4085 | D:5      | Noticed Dowan
  4085 | D:5      | Noticed Duvessa
  4124 | D:5      | Killed Dowan
  4124 | D:5      | Reached skill level 5 in Polearms
  4142 | D:5      | Noticed Blork the orc
  4155 | D:5      | Slain by Duvessa

Levels and vault maps discovered:
D:1:      lightli_arrival_boilingwater, layout_basic,
          hangedman_decor_clover_reticule
D:2:      layout_loops_ring, first_ration
D:3:      layout_basic, grunt_gozag_breadcrumbs
D:4:      layout_basic, minmay_temple_entry_sparse_star, uniq_natasha,
          uniq_menkaure, uniq_sigmund
D:5:      kennysheep_kobold_camp, layout_rooms, serial_rivers,
          chequers_serial_rivers_small_a, chequers_serial_rivers_small_3,
          chequers_serial_rivers_small_3, chequers_serial_rivers_small_3,
          uniq_duvessa, uniq_grinder, uniq_blork_the_orc
Temple:   dpeg_five_rooms_temple

Skill      XL: |  1  2  3  4  5  6  7  8 |
---------------+-------------------------+-----
Shields        | 4 5 6 7 |  7.0
Polearms       | 3 4 5 |  5.0
Dodging        | 1 2 |  2.6
Armour         | 4 5 |  5.4
Stealth        | 1 |  1.5
Fighting       | 4 |  4.4

Action                   |  1- 3 |  4- 6 |  7- 9 || total
-------------------------+-------+-------+-------++-------
Melee: Trident           |   126 |    18 |       ||   144
       Spear             |       |    60 |   209 ||   269
  Use: Scroll            |       |     3 |       ||     3
  Eat: Ration            |     1 |     1 |     1 ||     3
       Chunk             |     1 |       |       ||     1
Armor: Scale mail        |    91 |    49 |    59 ||   199
Dodge: Dodged            |    63 |    48 |    59 ||   170
Block: Kite shield       |   102 |    70 |    93 ||   265

Table legend:
 A = Non-vault XP
 B = Vault XP
 C = Vault XP percentage of total XP
 D = Non-vault monster count
 E = Vault monster count
 F = Vault count percentage of total count
                 A         B        C        D         E       F
            +---------+---------+-------+---------+---------+-------
      Total |     609 |     781 |  56.2 |      54 |       5 |   8.5
            +---------+---------+-------+---------+---------+-------
        D:1 |      24 |       0 |   0.0 |      14 |       0 |   0.0
        D:2 |      28 |       0 |   0.0 |      13 |       0 |   0.0
        D:3 |      41 |       0 |   0.0 |       9 |       0 |   0.0
        D:4 |     213 |     432 |  67.0 |       8 |       3 |  27.3
        D:5 |     303 |     349 |  53.5 |      10 |       2 |  16.7
            +---------+---------+-------+---------+---------+-------
